 Dungeon Crawl Stone Soup version 0.28-a0-823-gb444dcf96d (webtiles) character file.

Game seed: 377657842769596505

66 willcat the Sneak (level 3, -2/26 HPs)
             Began as a Demigod Enchanter on Nov 10, 2021.
             Slain by a quokka (4 damage)
             ... on level 3 of the Dungeon.
             The game lasted 00:02:37 (2805 turns).

willcat the Sneak (Demigod Enchanter)               Turns: 2805, Time: 00:02:37

Health: -2/26      AC:  7    Str:  9    XL:     3   Next: 69%
Magic:  8/8        EV: 12    Int: 21    God:
Gold:   72         SH:  5    Dex: 14    Spells: 1/6 levels left

rFire   . . .      SeeInvis .   a - +1 dagger
rCold   . . .      Faith    .   (no shield)
rNeg    . . .      Spirit   .   b - +0 robe
rPois   .          Reflect  +   c - +0 helmet
rElec   .          Harm     .   (no cloak)
rCorr   .          Rampage  .   (no gloves)
Will    .....                   (no boots)
Stlth   ++........              f - amulet of reflection
HPRegen 0.08/turn               g - +4 ring of protection
MPRegen 0.11/turn               (no ring)

@: no status effects
A: high mp 1, forlorn
a: no special abilities


You were on level 3 of the Dungeon.
You visited 1 branch of the dungeon, and saw 3 of its levels.

You collected 72 gold pieces.

Inventory:

Hand Weapons
 a - a +1 dagger (weapon)
Armour
 b - a +0 robe (worn)
 c - a +0 helmet (worn)
Jewellery
 f - an amulet of reflection (around neck)
 g - a +4 ring of protection (left hand)
Scrolls
 d - 2 scrolls of noise {unknown}
 e - a scroll of enchant armour {unknown}
 h - a scroll of torment {unknown}
 i - 3 scrolls of identify {unknown}
 j - 4 scrolls of enchant weapon {unknown}
 k - 2 scrolls of teleportation {unknown}
Potions
 l - a potion of degeneration {unknown}


   Skills:
 + Level 1.5 Short Blades
 + Level 2.2 Dodging
 + Level 3.1 Stealth
 + Level 2.1 Spellcasting
 + Level 3.1 Hexes
 + Level 0.8 Ice Magic


You had one spell level left.
You knew the following spells:

 Your Spells              Type           Power      Damage    Failure   Level
a - Ensorcelled Hibernat  Hex/Ice        20%        N/A       10%         2
b - Dazzling Flash        Conj/Hex       16%        N/A       22%         3

Your spell library contained the following spells:

 Spells                   Type           Power      Damage    Failure   Level
 Confusing Touch          Hex            15%        N/A       12%         3
 Tukima's Dance           Hex            15%        N/A       12%         3
 Silence                  Hex/Air        4%         N/A       91%         5
 Agony                    Necr           2%         N/A       99%         5


Dungeon Overview and Level Annotations

Branches:
Dungeon (3/15)


Innate Abilities, Weirdness & Mutations

Your attributes grow dramatically as you level up.
You have an increased reservoir of magic. (+10% MP)
You shall have no god before yourself.


Message History

You are too injured to fight recklessly!
You are too injured to fight recklessly!
You are too injured to fight recklessly!
You are too injured to fight recklessly!
You are too injured to fight recklessly!
You are too injured to fight recklessly!
You are too injured to fight recklessly!
You are too injured to fight recklessly!
You are too injured to fight recklessly!
You are too injured to fight recklessly!
You are too injured to fight recklessly!
You hit the orc but do no damage.
The orc is heavily wounded.
The orc hits you but does no damage.
You hit the orc but do no damage.
The orc is heavily wounded.
The orc hits you with a +0 hand axe.
You barely miss the orc.
The orc is heavily wounded.
The orc barely misses you.
You closely miss the orc.
The orc is heavily wounded.
You hit the orc but do no damage.
The orc is heavily wounded.
The orc barely misses you.
You barely miss the orc.
The orc is heavily wounded.
The orc hits you with a +0 hand axe.
* * * LOW HITPOINT WARNING * * *
You hit the orc.
The orc is severely wounded.
The orc hits you with a +0 hand axe.
* * * LOW HITPOINT WARNING * * *
You hit the orc.
You kill the orc!
The quokka closely misses you.
Unknown command.
The quokka bites you but does no damage.
The quokka bites you.
You die...

#.....# #.# ########<
#.....+ #.# #...# ##
#.....##.#.# #...#
......###.#.# #...#
####### ...##### #.#.#
#...# #.....# ....####
#.#+###...# #.###.# ...
...###....##...# #.# #.#
#..##....##...#####.# #.#
...####.##g.r@''...'.....#
#.#
..............##...#######
#.# ...####.###...##...#
#...###.. #..##...##...#
#.#...... ##g###'###...#
#.####### #..##.# #...#
#........ ##.##.# #####
######### #.##.#
######)##.#


You could see a quokka and a hobgoblin.

Vanquished Creatures
  Robin (D:2)
  An adder (D:3)
  3 orcs (D:3)
  3 endoplasms
  A giant cockroach (D:1)
  11 goblins
  4 hobgoblins
  2 jackals (D:1)
  A quokka (D:1)
  4 ball pythons
  A bat (D:1)
  2 frilled lizards (D:2)
  3 kobolds
  4 rats
41 creatures vanquished.

Notes
Turn   | Place    | Note
-------+----------+-------------------------------------------
     0 | D:1      | willcat the Demigod Enchanter began the quest for the Orb.
     0 | D:1      | Reached XP level 1. HP: 14/14 MP: 5/5
   254 | D:1      | Reached skill level 1 in Short Blades
   892 | D:1      | Reached XP level 2. HP: 19/20 MP: 7/7
   929 | D:1      | Learned a level 2 spell: Ensorcelled Hibernation
  1674 | D:2      | Noticed Robin
  1716 | D:2      | HP: 1/20 [goblin[Robin] (6)]
  1721 | D:2      | HP: 1/20 [Robin (2)]
  2059 | D:2      | Reached XP level 3. HP: 24/26 MP: 8/8
  2080 | D:2      | Killed Robin
  2604 | D:3      | Learned a level 3 spell: Dazzling Flash
  2793 | D:3      | HP: 1/26 [orc (5)]
  2805 | D:3      | Slain by a quokka

Illustrated notes

Levels and vault maps discovered:
D:1:      lightli_arrival_maybe_door_vault, layout_basic,
          shapermc_ecumenical_altar_gd
D:2:      layout_basic, uniq_robin
D:3:      layout_basic

Skill      XL: |  1  2  3 |
---------------+----------+-----
Short Blades   | 1 |  1.5
Dodging        | 2 |  2.2
Spellcasting   | 2 |  2.1
Stealth        | 3 |  3.1
Hexes          | 3 |  3.1
Ice Magic      | |  0.8

Action                   || total
-------------------------++-------
Melee: Dagger            ||   185
  Use: Potion            ||     2
 Stab: Sleeping          ||     9
Armor: Robe              ||    41
Dodge: Dodged            ||    81
Block: Other             ||    38
       Reflection        ||     3

Table legend: (Time is in decaauts)
 A = Elapsed time spent in this place.
 B = Non-inter-level travel time spent in this place.
 C = Inter-level travel time spent in this place.
 D = Time resting spent in this place.
 E = Time spent auto-exploring this place.
 F = Levels seen in this place.
 G = Mean time per level.
                   A        B        C        D        E       F      G
               +--------+--------+--------+--------+--------+-----+--------+
         Total |   2792 |   2717 |     75 |    535 |   1756 |   3 |  930.7 |
       Dungeon |   2792 |   2717 |     75 |    535 |   1756 |   3 |  930.7 |
               +--------+--------+--------+--------+--------+-----+--------+

Top non-repeatable levels by time:
     D:1: 1159 daAuts
     D:2: 936 daAuts
     D:3: 697 daAuts
